 Dungeon Crawl Stone Soup version 0.25-a0-804-g50c693f418 (webtiles) character file.

Game seed: 11344320346687925497, levelgen mode: deterministic

9363 Lavandula the Carver (level 11, -10/49 HPs)
             Began as a Vine Stalker Chaos Knight on Apr 19, 2020.
             Was a Plaything of Xom.
             Mangled by a gargoyle
             ... wielding a +0 dire flail
              (14 damage)
             ... on level 12 of the Dungeon.
             The game lasted 00:27:07 (6562 turns).

Lavandula the Carver (Vine Stalker Chaos Knight)    Turns: 6562, Time: 00:27:08

Health: -10/49     AC: 13    Str: 19    XL:     11   Next: 45%
Magic:  0/24       EV: 16    Int: 12    God:    Xom [.....*]
Gold:   487        SH:  0    Dex: 18    Spells: 9/14 levels left

rFire    + + +     SeeInvis .   i - +6 long sword of Starshine {flame, *Contam rF+ rN+ Str+5}
rCold    . . .     Gourm    +   (no shield)
rNeg     + . .     Faith    .   d - +3 leather armour {rF+}
rPois    .         Spirit   +   (no helmet)
rElec    .         Reflect  .   e - +0 cloak
rCorr    .         Harm     .   g - +1 pair of gloves
MR       +++..                  M - +2 pair of boots
Stlth    +.........             R - amulet of the gourmand
HPRegen  0.56/turn              H - ring of Qazlal's Displeasure {MR+ Dex+2}
MPRegen  0.19/turn              E - ring of magical power

@: very slightly contaminated
A: fangs 3, clumsy 1, fire resistance 1, frail 1, magic resistance 1,
regeneration 1, shaggy fur 1, magic shield, antimagic bite, no potion heal 3,
rot immunity
a: Renounce Religion


You were on level 12 of the Dungeon.
You worshipped Xom.
You were Xom's teddy bear.
You were not hungry.

You visited 2 branches of the dungeon, and saw 13 of its levels.

You collected 487 gold pieces.

Inventory:

Hand Weapons
 a - a +0 falchion of chaos
 i - the +6 long sword of Starshine (weapon) {flame, *Contam rF+ rN+ Str+5}
   (You found it on level 4 of the Dungeon)

   It has been specially enchanted to burn those struck by it, causing extra
   injury to most foes and up to half again as much damage against particularly
   susceptible opponents.
   Big, fiery blades are also staple armaments of hydra-hunters.
   It affects your strength (+5).
   It protects you from fire.
   It protects you from negative energy.
   It causes magical contamination when unequipped.
 u - the +4 hunting sling "Lanuaw" {flame, rC+, unknown}
   (You found it on level 5 of the Dungeon)

   It causes projectiles fired from it to burn those they strike, causing extra
   injury to most foes and up to half again as much damage against particularly
   susceptible opponents.
   It protects you from cold.
 A - a +2 falchion of holy wrath
 I - the +6 arbalest "Damnation" {damnation}
   (You found it on level 8 of the Dungeon)
Missiles
 h - 47 sling bullets
 t - 21 poisoned darts (quivered)
 v - 184 stones
 y - 8 boomerangs
 J - 49 bolts
Armour
 b - a +2 leather armour
 d - a +3 leather armour of fire resistance (worn)
 e - a +0 cloak (worn)
 g - a +1 pair of gloves (worn)
 M - a +2 pair of boots (worn)
 N - +0 acid dragon scales
Magical Staves
 O - a cursed staff of earth {unknown}
Jewellery
 E - a ring of magical power (right hand)
 H - the ring of Qazlal's Displeasure (left hand) {MR+ Dex+2}
   (You found it on level 8 of the Dungeon)

   [ring of dexterity]

   It affects your dexterity (+2).
   It affects your resistance to hostile enchantments.
 R - an amulet of the gourmand (around neck)
Wands
 k - a wand of enslavement (4)
 q - a wand of random effects (18)
 r - a wand of clouds (4)
 s - a wand of disintegration (32)
 w - a wand of flame (24)
 D - a wand of iceblast (8)
Scrolls
 j - 6 scrolls of fog
 l - 7 scrolls of teleportation
 o - 3 scrolls of amnesia
 x - 2 scrolls of enchant weapon
 B - a scroll of summoning
 L - a scroll of enchant armour
 P - a scroll of magic mapping {unknown}
 Q - 2 scrolls of vulnerability
Potions
 f - 2 potions of heal wounds
 m - 3 potions of might
 n - 4 potions of haste
 p - 4 potions of curing
 C - a potion of brilliance {unknown}
 F - a potion of degeneration
 K - a potion of invisibility {unknown}
Miscellaneous
 G - a phial of floods (inert)
Comestibles
 c - 24 rations


   Skills:
 - Level 5.0 Fighting
 - Level 11.6 Long Blades
 - Level 5.1 Crossbows
 - Level 1.5 Armour
 - Level 6.3 Dodging
 - Level 2.1 Spellcasting
 - Level 2.5 Conjurations
 - Level 3.8 Translocations
 + Level 2.9 Poison Magic


You had 9 spell levels left.
You knew the following spells:

 Your Spells              Type           Power        Failure   Level  Hunger
a - Blink                 Tloc           N/A          10%         2    ###....
b - Mephitic Cloud        Conj/Pois/Air  #.......     41%         3    ####...

Your spell library contained the following spells:

 Spells                   Type           Power        Failure   Level  Hunger
 Magic Dart               Conj           #...         11%         1    ##.....
 Animate Skeleton         Necr           N/A          32%         1    ##.....
 Pain                     Necr           #...         32%         1    ##.....
 Call Imp                 Summ           #.......     43%         2    ###....
 Slow                     Hex            #.......     43%         2    ###....
 Conjure Flame            Conj/Fire      #.......     50%         3    ####...
 Vampiric Draining        Necr           #.........   67%         3    ####...
 Animate Dead             Necr           N/A          97%         4    #####..
 Agony                    Necr           #.......     100%        5    ######.


Dungeon Overview and Level Annotations

Branches:
Dungeon (12/15)            Temple (0/1) D:4            Lair (1/6) D:9
    Orc (0/2) D:9

Altars:
Fedhas
Gozag
Hepliaklqana
Makhleb
Nemelex Xobeh
Okawaru
Qazlal
Ru
Sif Muna
Uskayaw
Xom
Yredelemnul
Zin

Shops:
D:5 %   D:10 (   D:11 (

Annotations:
D:3 Sigmund
D:4 2 transporters, SatoMori's ghost, amateur MfIE
D:8 2 runed translucent doors
D:11 3 runed translucent doors, Vazz's ghost, novice GnFi


Innate Abilities, Weirdness & Mutations

You have razor-sharp teeth.
Your natural rate of healing is unusually fast.
When hurt, damage is shared between your health and your magic reserves.
Your bite disrupts and absorbs the magic of your enemies.
Potions cannot restore your health.
You are immune to rotting.
You are clumsy. (Dex -2)
Your flesh is heat resistant. (rF+)
You are frail. (-10% HP)
You are resistant to hostile enchantments. (MR+)
You are covered in fur. (AC +1)


Message History

The white ugly thing punches you but does no damage.
The gargoyle hurls a stone arrow at you.
The stone arrow hits you.
* * * LOW HITPOINT WARNING * * *
Okay, then.
Okay, then.
Okay, then.
Evoke which item? (* to show all) (? for menu, Esc to quit)
Okay, then.
Welcome back, Lavandula the Vine Stalker Chaos Knight.
Xom says: I'm watching you, my ugly child.
Press ? for a list of commands and other information.
Okay, then.
As you read the scroll labeled QACROZANGO, it crumbles to dust.
It is a scroll of enchant armour.
Your +0 pair of gloves glows green for a moment.
The white ugly thing closely misses you.
The gargoyle hits you with a +0 dire flail!
You die...
Xom roars with laughter!

#....?...>
#........
......h#
#......# .
##(.K..K##..
#Y.Y........
#u..<..K....
#<.((9..####
##(u@..K#
###Z#### ...
o.... .......
#######..(..#
##...###Do...#
#........C...#
#......:


You could see a seven-headed hydra, 2 ugly things, a cyclops (fleeing), 2 yaks,
an orc warrior (fleeing), a black bear (fleeing), a gargoyle, a big kobold
(fleeing), an orc (fleeing), a bullfrog zombie and 3 kobolds.

Vanquished Creatures
  Erolcha (D:9)
  A centaur warrior (D:8)
  An ugly thing (D:11)
  A manticore (D:11)
  Joseph (D:9)
  A gargoyle (D:10)
  Maggie (D:9)
  A kobold demonologist (D:8)
  A tengu conjurer (D:10)
  Prince Ribbit (D:9)
  A hippogriff (D:11)
  4 wyverns
  A hungry ghost (D:7)
  A naga (Lair:1)
  A water moccasin (D:10)
  3 orc warriors
  An ice beast (D:9)
  2 sky beasts
  A phantom (D:9)
  2 black bears
  3 wolves (Lair:1)
  7 ogres
  A centaur (D:8)
  A crocodile (D:9)
  A big kobold (D:10)
  5 bullfrogs
  Blork the orc (D:5)
  A gnoll sergeant (D:9)
  4 killer bees (D:10)
  4 scorpions
  7 crimson imps
  2 bullfrog zombies
  A quasit (D:9)
  4 jellies
  2 orc priests
  2 hounds
  2 centaur skeletons (D:10)
  8 orc wizards
  3 bullfrog skeletons
  4 iguanas
  Ijyb (D:4)
  10 worker ants
  A hound skeleton (D:8)
  10 gnolls
  13 adders
  A howler monkey skeleton (D:6)
  3 shadow imps
  2 oozes
  An adder zombie (D:6)
  An adder skeleton (D:9)
  2 worms
  2 dart slugs (D:1)
  10 leopard geckos
  38 orcs
  3 ball pythons
  7 giant cockroaches
  23 goblins
  15 hobgoblins
  10 jackals
  21 kobolds
  2 quokkas
  8 bats
  4 frilled lizards
  16 rats
  A plant (D:4)
295 creatures vanquished.

Vanquished Creatures (collateral kills)
  A troll (D:8)
  A sky beast (D:5)
  An orc (D:5)
3 creatures vanquished.

Vanquished Creatures (others)
  A swamp drake (D:9)
  An orc wizard (D:8)
2 creatures vanquished.

Grand Total: 300 creatures vanquished

Notes
Turn   | Place    | Note
-------+----------+-------------------------------------------
     0 | D:1      | Lavandula the Vine Stalker Chaos Knight began the quest for
                  | the Orb.
     0 | D:1      | Reached XP level 1. HP: 11/11 MP: 2/2
    73 | D:1      | Reached skill level 3 in Long Blades
   111 | D:1      | Reached XP level 2. HP: 13/16 MP: 3/3
   200 | D:1      | XOM: silly message
   240 | D:1      | Reached XP level 3. HP: 15/19 MP: 4/4
   426 | D:2      | Noticed a scorpion
   427 | D:2      | XOM: potion effect (stabbing)
   429 | D:2      | XOM: silly message
   439 | D:2      | Killed a scorpion
   439 | D:2      | Reached skill level 4 in Long Blades
   439 | D:2      | Gained mutation: Your natural rate of healing is unusually
                  | fast. [Vine Stalker growth]
   439 | D:2      | Reached XP level 4. HP: 22/23 MP: 5/5
   518 | D:2      | XOM: confuse monster(s)
   700 | D:2      | XOM: 6-stop teleportation journey
   815 | D:2      | Reached skill level 5 in Long Blades
   815 | D:2      | Reached XP level 5. HP: 27/27 MP: 6/6
  1396 | D:3      | Noticed Sigmund
  1533 | D:3      | Reached XP level 6. HP: 25/32 MP: 4/7
  1669 | D:3      | Reached skill level 6 in Long Blades
  1694 | D:3      | Found a hazy altar of Hepliaklqana.
  1723 | D:4      | Found a staircase to the Ecumenical Temple.
  1745 | D:3      | XOM: scenery: create altars
  1814 | D:4      | Found a transporter.
  1816 | D:4      | Found a sacrificial altar of Ru.
  1816 | D:4      | Noticed SatoMori's ghost (amateur MfIE)
  1819 | D:4      | Found a transporter.
  1822 | D:4      | Identified the cursed +0 dire flail of Nicrug {vorpal, rF+}
  1908 | D:4      | XOM: silly message
  2027 | D:4      | XOM: silly message
  2033 | D:4      | Got a jewelled long sword
  2040 | D:4      | Identified the +6 long sword of Starshine {flame, *Contam
                  | rF+ rN+ Str+5} (You found it on level 4 of the Dungeon)
  2069 | D:4      | Noticed Ijyb
  2080 | D:4      | Killed Ijyb
  2104 | D:4      | Learned a level 2 spell: Blink
  2108 | D:4      | Learned a level 3 spell: Mephitic Cloud
  2225 | D:4      | XOM: divination: magic mapping
  2265 | D:5      | Entered Level 5 of the Dungeon
  2285 | D:4      | Found a stormy altar of Qazlal.
  2328 | D:4      | XOM: 9-stop teleportation journey
  2337 | D:5      | XOM: smoke on damage
  2350 | D:5      | Reached XP level 7. HP: 26/38 MP: 5/8
  2402 | D:5      | Reached skill level 5 in Fighting
  2466 | D:5      | Got a polished hunting sling
  2502 | D:5      | XOM: god gift: scale mail {god gift}
  2512 | D:5      | Reached skill level 1 in Dodging
  2683 | D:5      | Found an iron altar of Okawaru.
  2683 | D:5      | Found a basalt altar of Yredelemnul.
  2722 | D:5      | Found Xuynt's Food Shop.
  2813 | D:5      | XOM: scenery: 1 doors open
  2827 | D:5      | XOM: smoke on damage
  2951 | D:5      | Noticed Blork the orc
  2961 | D:5      | Killed Blork the orc
  2989 | D:5      | Found a burning altar of Makhleb.
  3004 | D:5      | XOM: confusion (+ monsters)
  3040 | D:5      | Found a sparkling altar of Nemelex Xobeh.
  3073 | D:5      | Found a shimmering blue altar of Sif Muna.
  3118 | D:6      | Gained mutation: You have razor-sharp teeth. [Vine Stalker
                  | growth]
  3118 | D:6      | Reached XP level 8. HP: 38/43 MP: 9/9
  3533 | D:7      | XOM: polymorph black bear -> sky beast
  3537 | D:7      | Reached skill level 5 in Dodging
  3575 | D:7      | XOM: enchant monster (good)
  3688 | D:7      | XOM: give mutations
  3688 | D:7      | Gained mutation: You are frail. (-10% HP) [Xom's mischief]
  3688 | D:7      | Gained mutation: You are clumsy. (Dex -2) [Xom's mischief]
  3688 | D:7      | Gained mutation: Your flesh is heat resistant. (rF+) [Xom's
                  | mischief]
  3772 | D:8      | Reached XP level 9. HP: 37/42 MP: 10/10
  3851 | D:8      | Reached skill level 7 in Long Blades
  4021 | D:8      | Noticed a kobold demonologist
  4022 | D:8      | Found a large runed translucent door.
  4023 | D:8      | Found a large runed translucent door.
  4026 | D:8      | Found a large runed translucent door.
  4026 | D:8      | Found a large runed translucent door.
  4040 | D:8      | Noticed a rust devil
  4049 | D:8      | Killed a kobold demonologist
  4049 | D:8      | Reached skill level 8 in Long Blades
  4098 | D:8      | Noticed a troll
  4102 | D:8      | XOM: summons 4 friendly demons
  4104 | D:8      | Killed a troll
  4112 | D:8      | Got a warped lead ring
  4173 | D:8      | Noticed a centaur warrior
  4174 | D:8      | Found the +6 arbalest "Damnation" {damnation}
  4176 | D:8      | Killed a centaur warrior
  4176 | D:8      | Reached skill level 9 in Long Blades
  4185 | D:8      | XOM: smoke on damage
  4198 | D:8      | XOM: give mutations
  4198 | D:8      | Gained mutation: You are resistant to hostile enchantments.
                  | (MR+) [Xom's grace]
  4198 | D:8      | Gained mutation: You are covered in fur. (AC +1) [Xom's
                  | grace]
  4306 | D:8      | Reached skill level 1 in Crossbows
  4306 | D:8      | Reached XP level 10. HP: 42/45 MP: 11/11
  4410 | D:9      | XOM: scenery: create altars
  4413 | D:9      | XOM: god gift: phantom mirror
  4416 | D:9      | Found a staircase to the Orcish Mines.
  4416 | D:9      | XOM: 4-stop teleportation journey
  4423 | D:9      | Noticed Erolcha
  4423 | D:9      | XOM: scenery: 1 doors open
  4449 | D:9      | Killed Erolcha
  4449 | D:9      | Reached skill level 5 in Crossbows
  4475 | D:9      | Found a glowing silver altar of Zin.
  4492 | D:9      | Found a hide-covered altar of Uskayaw.
  4497 | D:9      | Reached skill level 10 in Long Blades
  4603 | D:9      | Identified the ring of Qazlal's Displeasure {MR+ Dex+2}
                  | (You found it on level 8 of the Dungeon)
  4610 | D:10     | Entered Level 10 of the Dungeon
  4616 | D:10     | XOM: cleaving
  4664 | D:10     | XOM: enchant monster (good)
  4715 | D:10     | XOM: blink monster(s)
  4745 | D:10     | Noticed a gargoyle
  4766 | D:10     | Killed a gargoyle
  4903 | D:10     | XOM: fog
  4916 | D:10     | XOM: divine lightning
  4917 | D:10     | XOM: summons friendly shadow imp
  4929 | D:10     | XOM: noise
  4958 | D:9      | Found an opulent altar of Gozag.
  4978 | D:9      | XOM: cloud trail
  5014 | D:9      | Reached skill level 1 in Translocations
  5020 | D:9      | XOM: 1-stop teleportation journey
  5021 | D:9      | Noticed Maggie
  5022 | D:9      | Found a staircase to the Lair.
  5058 | Lair:1   | Entered Level 1 of the Lair of Beasts
  5062 | Lair:1   | XOM: potion effect (berserk rage)
  5108 | D:9      | Killed Maggie
  5108 | D:9      | Reached XP level 11. HP: 49/49 MP: 15/15
  5197 | D:9      | Reached skill level 11 in Long Blades
  5224 | D:9      | Noticed Prince Ribbit
  5228 | D:9      | Killed Prince Ribbit
  5302 | D:9      | Noticed Joseph
  5316 | D:9      | Killed Joseph
  5363 | D:10     | XOM: noise
  5370 | D:10     | XOM: noise
  5378 | D:10     | XOM: noise
  5419 | D:10     | Found a shimmering altar of Xom.
  5599 | D:10     | Found Koicsoahiq's Antique Weapon Boutique.
  5664 | D:10     | Reached skill level 1 in Conjurations
  5795 | D:11     | Noticed a manticore
  5800 | D:11     | Killed a manticore
  5949 | D:11     | Reached skill level 1 in Poison Magic
  5956 | D:11     | Noticed Vazz's ghost (novice GnFi)
  5957 | D:11     | Noticed a minotaur
  6034 | D:11     | Found a runed translucent gate.
  6035 | D:11     | Found a runed translucent gate.
  6037 | D:11     | Found a runed translucent gate.
  6129 | D:11     | XOM: scenery: 4 doors open
  6202 | D:11     | Noticed a white ugly thing
  6207 | D:11     | XOM: scenery: create altars
  6216 | D:11     | Killed a white ugly thing
  6251 | D:11     | Found a blossoming altar of Fedhas.
  6292 | D:11     | Found Odghoovoxt's Weapon Boutique.
  6384 | D:12     | Noticed a purple ugly thing
  6441 | D:12     | Noticed a seven-headed hydra
  6441 | D:12     | Noticed a red ugly thing
  6442 | D:12     | Noticed an orc knight
  6445 | D:12     | Noticed a cyclops
  6555 | D:12     | Noticed a red ugly thing
  6556 | D:12     | XOM: scenery: 1 doors close
  6562 | D:12     | Mangled by a gargoyle

Levels and vault maps discovered:
D:1:      psy_arrival_heroes, layout_basic, minmay_misc_feat_plants,
          st_stairs_4, minmay_tetromino_l2
D:2:      layout_loops_ring, first_ration, minmay_unequal
D:3:      layout_basic, lemuel_crystal_altar, serial_bayou, serial_bayou_pond_e,
          serial_bayou_shore_b, serial_bayou_lagoon_a, serial_bayou_crossing,
          minmay_misc_feat_tiny, lexackson_kobold_supper, uniq_sigmund
D:4:      kennysheep_goblin_castle, layout_loops_corners,
          nicolae_ru_awakened_eye, minmay_temple_entry_ruins,
          gammafunk_ghost_smash, serial_forest, infiniplex_forest_lined_ring,
          infiniplex_forest_clump_tiny, infiniplex_forest_clump_tiny,
          infiniplex_forest_end_double, nrook_mini_backslash,
          nicolae_qazlal_eye_of_the_storm
D:5:      corexii_shantytown, layout_cave_pods, led_sif_pool,
          kennysheep_little_box, grunt_temple_overflow_open, serial_shops,
          shop_fountains, nemelex_diamond_rough_becter, uniq_blork_the_orc
D:6:      layout_gridville
D:7:      layout_basic
D:8:      layout_loops_ring, hangedman_ranch [blue_anna_fruit_fields],
          minmay_hollow_rounded_squares
D:9:      layout_rooms, kennysheep_mini, zin_statuary,
          nicolae_gozag_cash_rules_everything_around_me, erik_lair_dragon,
          hangedman_abyss_or_decor_stabs, minmay_quadrilaterals, uniq_harold,
          uniq_erolcha, uniq_joseph, uniq_maggie, uniq_prince_ribbit1
D:10:     layout_roguey, serial_shops, shop, basic_altar
D:11:     layout_gridville, serial_shops, shop, maelrawn_ghost_gauntlet_escape,
          basic_altar
D:12:     layout_gridville, st_stairs_5, uniq_frances
Lair:1:   layout_roguey, grunt_forest_large_clearing_hut, grunt_megastairs_3

Skill      XL: |  1  2  3  4  5  6  7  8  9 10 11 |
---------------+----------------------------------+-----
Long Blades    | 3 4 5 6 9 10 11 | 11.6
Fighting       | 4 5 |  5.0
Dodging        | 3 6 |  6.3
Crossbows      | 1 5 |  5.1
Translocations | 3 |  3.8
Spellcasting   | 2 |  2.1
Conjurations   | 2 |  2.5
Poison Magic   | 2 |  2.9
Armour         | |  1.5

Action                   |  1- 3 |  4- 6 |  7- 9 | 10-12 || total
-------------------------+-------+-------+-------+-------++-------
Melee: Falchion          |    51 |   167 |       |       ||   218
       Bite              |    16 |    65 |    58 |    99 ||   238
       Long sword        |       |    41 |   179 |   266 ||   486
Throw: Dart              |       |       |     5 |    13 ||    18
       Boomerang         |       |       |     3 |     5 ||     8
Evoke: Wand              |       |       |     2 |     3 ||     5
       Phial of floods   |       |       |       |     1 ||     1
  Use: Scroll            |       |     7 |     7 |     7 ||    21
       Potion            |       |       |       |     1 ||     1
 Stab: Sleeping          |       |     3 |     2 |       ||     5
       Confused          |       |       |       |     1 ||     1
  Eat: Chunk             |       |     4 |     7 |     9 ||    20
       Ration            |       |       |     1 |       ||     1
Armor: Ring mail         |    30 |    13 |       |       ||    43
       Leather armour    |       |    53 |    45 |    81 ||   179
Dodge: Dodged            |    37 |    85 |   118 |   186 ||   426
       Rpst.: Falchion   |    10 |    23 |       |       ||    33
       Long sword        |       |     2 |    43 |    47 ||    92

Table legend:
 A = Non-vault XP
 B = Vault XP
 C = Vault XP percentage of total XP
 D = Non-vault monster count
 E = Vault monster count
 F = Vault count percentage of total count
                 A         B        C        D         E       F
            +---------+---------+-------+---------+---------+-------
      Total |    8508 |    4868 |  36.4 |     221 |      78 |  26.1
            +---------+---------+-------+---------+---------+-------
        D:1 |      41 |       4 |   8.9 |      22 |       3 |  12.0
        D:2 |     127 |       6 |   4.5 |      21 |       4 |  16.0
        D:3 |     159 |       7 |   4.2 |      27 |       5 |  15.6
        D:4 |     187 |      55 |  22.7 |      13 |      11 |  45.8
        D:5 |     363 |     223 |  38.1 |      18 |      31 |  63.3
        D:6 |     285 |       0 |   0.0 |      11 |       0 |   0.0
        D:7 |     744 |       0 |   0.0 |      12 |       0 |   0.0
        D:8 |    1180 |    1588 |  57.4 |      23 |      10 |  30.3
        D:9 |    1126 |    2828 |  71.5 |      16 |      13 |  44.8
       D:10 |    2341 |       0 |   0.0 |      45 |       0 |   0.0
       D:11 |    1567 |       0 |   0.0 |       9 |       0 |   0.0
       D:12 |      46 |       0 |   0.0 |       1 |       0 |   0.0
     Lair:1 |     342 |     157 |  31.5 |       3 |       1 |  25.0
            +---------+---------+-------+---------+---------+-------
